 Dungeon Crawl Stone Soup version 0.29.1-15-g9cfb28693d (webtiles) character file.

Game seed: 770148136766739529

2632 javelincjr the Magician (level 9, -11/68 HPs)
             Began as a Demonspawn Hedge Wizard on Apr 3, 2023.
             Was a Follower of Sif Muna.
             Killed from afar by Maggie (27 damage)
             ... with a bolt of fire
             ... on level 6 of the Dungeon.
             The game lasted 00:33:51 (6661 turns).

javelincjr the Magician (Demonspawn Hedge Wizard)   Turns: 6661, Time: 00:33:51

Health: -11/68     AC: 12    Str: 12    XL:     9   Next: 35%
Magic:  24/27      EV: 13    Int: 18    God:    Sif Muna [*.....]
Gold:   397        SH:  0    Dex: 13    Spells: 15/20 levels left

rFire   . . .      SeeInvis +   f - +1 trident (vamp)
rCold   . . .      Faith    .   (no shield)
rNeg    . . .      Spirit   .   t - +1 troll leather armour
rPois   .          Reflect  .   c - +0 hat
rElec   .          Harm     .   (no cloak)
rCorr   .          Rampage  .   r - +0 pair of gloves
Will    .....                   (no boots)
Stlth   ++........              z - amulet of magic regeneration
HPRegen 1.01/turn               l - ring of see invisible
MPRegen 0.80/turn               m - ring of magical power

@: mighty, sanguine armoured, on blink cooldown, mesmerised
A: spiny 3, magic regeneration, sanguine armour 1
a: Renounce Religion, Channel Magic


You were on level 6 of the Dungeon.
You worshipped Sif Muna.
Sif Muna was aware of your devotion.
You visited 1 branch of the dungeon, and saw 8 of its levels.

You collected 397 gold pieces.

Inventory:

Hand Weapons
 a - a +0 dagger
 f - a +1 vampiric trident (weapon)
 i - a +2 dagger of venom
 H - a +4 quarterstaff of chaos
Missiles
 h - 5 atropa-tipped darts
 q - 8 poisoned darts
 y - 4 curare-tipped darts
Armour
 b - a +0 robe
 c - a +0 hat (worn)
 e - +0 gold dragon scales
 r - a +0 pair of gloves (worn)
 t - a +1 troll leather armour (worn)
 u - the +6 chain mail "Hinojamu" {Str+2 Dex+4}
   (You found it on level 4 of the Dungeon)

   Str:       It affects your strength (+2).
   Dex:       It affects your dexterity (+4).
 B - a +0 buckler
 G - a +0 cloak
Jewellery
 l - a ring of see invisible (left hand)
 m - a ring of magical power (right hand)
 p - a ring of resist corrosion
 z - an amulet of magic regeneration (around neck)
Wands
 E - a wand of flame (1)
 F - a wand of roots (2)
Scrolls
 g - 2 scrolls of noise
 j - 3 scrolls of amnesia
 k - 2 scrolls of identify
 s - a scroll of torment {unknown}
 v - a scroll of summoning
 w - a scroll of fear
 C - a scroll of immolation {unknown}
Potions
 d - 3 potions of magic
 n - 2 potions of might
 o - 3 potions of lignification
 x - a potion of mutation {unknown}
 A - a potion of curing
 D - a potion of degeneration


   Skills:
 * Level 5.4 Fighting
 - Level 1.2 Short Blades
 + Level 2.8 Polearms
 + Level 3.3 Armour
 + Level 4.1 Dodging
 - Level 2.0 Stealth
 * Level 6.0 Spellcasting
 + Level 4.0 Conjurations
 + Level 4.0 Summonings
 + Level 3.5 Translocations


You had 15 spell levels left.
You knew the following spells:

 Your Spells              Type           Power      Damage    Failure   Level
a - Magic Dart            Conj           80%        1d7       3%          1
b - Call Imp              Summ           19%        N/A       4%          2
c - Blink                 Tloc           36%        N/A       5%          2

Your spell library contained the following spells:

 Spells                   Type           Power      Damage    Failure   Level
 Freeze                   Ice            20%        1d4       16%         1
 Slow                     Hex            20%        N/A       16%         1
 Conjure Flame            Conj/Fire      12%        6-21      21%         3
 Ensorcelled Hibernation  Hex/Ice        10%        N/A       22%         2
 Passwall                 Tmut/Erth      4%         N/A       22%         2
 Mephitic Cloud           Conj/Pois/Air  10%        N/A       26%         3
 Iskenderun's Mystic Bla  Conj/Tloc      19%        2d6       32%         4
 Frozen Ramparts          Ice            10%        1d2       41%         3
 Spider Form              Tmut/Pois      5%         N/A       41%         3
 Swiftness                Air            5%         N/A       41%         3
 Fulminant Prism          Conj/Hex       6%         3d7       54%         4
 Hailstorm                Conj/Ice       12%        3d5       54%         4
 Anguish                  Hex/Necr       2%         N/A       83%         4
 Lee's Rapid Deconstruct  Erth           2%         3d6*      99%         5


Dungeon Overview and Level Annotations

Branches:
Dungeon (8/15)             Temple (0/1) D:5
   Lair: D:8-11

Altars:
Ashenzari
Makhleb
Okawaru
Qazlal
Ru
Sif Muna
Trog
Vehumet
Wu Jian
Yredelemnul

Annotations:
D:6 Maggie


Innate Abilities, Weirdness & Mutations

You are completely covered in sharp spines.
You regenerate magic rapidly.
When seriously injured, your blood forms armour. (AC +6)


Message History

* * * LOW HITPOINT WARNING * * *
You convulse.
* * * LOW HITPOINT WARNING * * *
You closely miss Maggie. You punch Maggie!
Maggie is moderately wounded.
Your crimson imp hits Maggie.
Maggie zaps a wand.
The puff of flame hits you.
* * * LOW HITPOINT WARNING * * *
You barely miss Maggie.
Maggie is moderately wounded.
You feel stable enough to blink again.
Your crimson imp hits Maggie but does no damage.
Maggie mumbles some strange words.
Maggie draws you further into her thrall.
Casting: Blink (safe; 5% risk of failure)
Confirm with . or Enter, or press ? or * to list all spells.
You blink.
Your crimson imp hits Maggie but does no damage.
Casting: Blink (safe; 5% risk of failure)
Confirm with . or Enter, or press ? or * to list all spells.
A beastly little devil appears in a puff of flame.
Your crimson imp disappears in a puff of smoke!
Maggie mumbles some strange words.
Maggie draws you further into her thrall.
Casting: Call Imp (safe; 4% risk of failure)
Confirm with . or Enter, or press ? or * to list all spells.
A beastly little devil appears in a puff of frigid air.
Your crimson imp disappears in a puff of smoke!
What are your orders? t - Shout!
Orders for allies: a - Attack new target. p - Attack previous target. r - Retreat! s - Stop attacking. g - Guard the area. f - Follow me.
Anything else - Cancel.
Gang up on whom?
Press: ? - help, Dir - move target, f/p - Maggie
Aim: Maggie, wielding a +4 scimitar of holy wrath, wearing +0 acid dragon scales and carrying a wand of flame (1) (moderately wounded, mesmerising, ally target) Attack!
Maggie casts a spell at you. The bolt of fire hits you!!
You die...

#.#.########.###########
##.#.# #............
#######....####
#.##########.
###......§#@....#
#............
....#####....##.##
#.#########.. #####
##.......####.## ##.##
#..............######.##
#...###.§.............#
#...###.@####..######.##
#......5.......# #..##
#########.#..###.#####.#
#.#.. .......##.##.# #.#
#.# #>##. ######.##.##.#
#.# #.# #)##. #.##.##.#
#.# #.######[##.
#.##.##.# #.#
#........... #.##.##.#
#.#######......##.
#.##.##.#
#.........########


You could see Maggie (mesmerising, ally target) and a friendly white imp
(summoned).

Vanquished Creatures
  Pikel (D:5)
  Eustachio (D:6)
  2 water moccasins (D:7)
  2 ice beasts
  A black bear (D:4)
  A sky beast (D:7)
  2 ogres (D:5)
  A phantom (D:5)
  2 necrophages (D:6)
  A bullfrog (D:6)
  4 scorpions
  A crimson imp (D:5)
  A hound (D:5)
  2 jellies
  3 orc priests
  A gnoll bouda (D:6)
  Crazy Yiuf (D:6)
  6 iguanas
  4 orc wizards
  4 gnolls
  3 adders
  An ufetubus (D:5)
  A worm (D:2)
  4 dart slugs
  26 orcs
  5 ball pythons
  6 endoplasms
  4 giant cockroaches
  7 goblins
  10 hobgoblins
  4 kobolds
  5 quokkas
  7 bats
  6 frilled lizards
  5 rats
135 creatures vanquished.

Vanquished Creatures (collateral kills)
  A hound (D:5)
  An orc priest (D:6)
  An iguana (D:6)
  An orc wizard (D:8)
  A gnoll (D:6)
  2 orcs
  A frilled lizard (D:6)
8 creatures vanquished.

Vanquished Creatures (others)
  2 fungi (D:8)
  9 plants
11 creatures vanquished.

Grand Total: 154 creatures vanquished

Notes
Turn   | Place    | Note
-------+----------+-------------------------------------------
     0 | D:1      | javelincjr the Demonspawn Hedge Wizard began the quest for
                  | the Orb.
     0 | D:1      | Reached XP level 1. HP: 13/13 MP: 4/4
   181 | D:1      | Reached skill level 1 in Translocations
   391 | D:1      | Gained mutation: You regenerate magic rapidly. [demonic
                  | ancestry]
   391 | D:1      | Reached XP level 2. HP: 19/19 MP: 6/6
  1385 | D:1      | Gained mutation: You are partially covered in sharp spines.
                  | [demonic ancestry]
  1385 | D:1      | Reached XP level 3. HP: 21/25 MP: 7/7
  2007 | D:2      | Reached skill level 1 in Fighting
  2725 | D:3      | Gained mutation: When seriously injured, your blood forms
                  | armour. (AC +6) [demonic ancestry]
  2725 | D:3      | Reached XP level 4. HP: 32/32 MP: 9/9
  2846 | D:3      | Noticed a scorpion
  2858 | D:3      | Killed a scorpion
  2956 | D:3      | Reached skill level 1 in Armour
  2956 | D:3      | Reached XP level 5. HP: 38/38 MP: 10/10
  3248 | D:4      | Identified the +6 chain mail "Hinojamu" {Str+2 Dex+4}
  3322 | D:4      | Learned a level 2 spell: Call Imp
  3325 | D:4      | Learned a level 2 spell: Blink
  3405 | D:4      | Found an iron altar of Okawaru.
  3526 | D:4      | Reached skill level 1 in Short Blades
  3714 | D:4      | Noticed a black bear
  3733 | D:4      | Killed a black bear
  3734 | D:4      | Reached XP level 6. HP: 33/46 MP: 11/11
  3858 | D:4      | Found a broken altar of Ashenzari.
  3883 | D:4      | Reached skill level 4 in Spellcasting
  4032 | D:5      | Entered Level 5 of the Dungeon
  4069 | D:5      | Found a bloodstained altar of Trog.
  4072 | D:5      | Found an ornate altar of the Wu Jian Council.
  4072 | D:5      | Found a basalt altar of Yredelemnul.
  4073 | D:5      | Found a shimmering blue altar of Sif Muna.
  4073 | D:5      | Found a stormy altar of Qazlal.
  4080 | D:5      | Became a worshipper of Sif Muna the Loreminder
  4086 | D:5      | Noticed an ice beast
  4108 | D:5      | Killed an ice beast
  4132 | D:5      | Reached XP level 7. HP: 52/52 MP: 13/13
  4157 | D:5      | Found a sacrificial altar of Ru.
  4237 | D:5      | Reached skill level 1 in Polearms
  4454 | D:5      | Found a staircase to the Ecumenical Temple.
  4513 | D:5      | You fall into a shaft and drop 3 floors!
  4568 | D:8      | Gained mutation: You are mostly covered in sharp spines.
                  | [demonic ancestry]
  4568 | D:8      | Reached XP level 8. HP: 35/60 MP: 15/15
  4620 | D:8      | Noticed a komodo dragon
  4665 | D:7      | Reached skill level 5 in Spellcasting
  4814 | D:6      | Reached * piety under Sif Muna
  4992 | D:5      | Found a radiant altar of Vehumet.
  5001 | D:5      | Found a burning altar of Makhleb.
  5389 | D:6      | Noticed Pikel
  5427 | D:5      | Killed Pikel
  5428 | D:5      | Reached skill level 5 in Fighting
  5428 | D:5      | Gained mutation: You are completely covered in sharp
                  | spines. [demonic ancestry]
  5428 | D:5      | Reached XP level 9. HP: 48/68 MP: 17/17
  5660 | D:6      | Found a runed translucent door.
  5661 | D:6      | Noticed Crazy Yiuf
  5793 | D:6      | Noticed Maggie
  6193 | D:6      | Noticed Eustachio
  6202 | D:6      | Killed Eustachio
  6224 | D:6      | Reached skill level 6 in Spellcasting
  6479 | D:6      | Killed Crazy Yiuf
  6661 | D:6      | Killed from afar by Maggie

Illustrated notes

Levels and vault maps discovered:
D:1:      mushboom_english_gardens, layout_loops_corners
D:2:      layout_loops_cross
D:3:      layout_basic
D:4:      layout_gridville, nicolae_overflow_hidden_temple,
          ashenzari_conservatory_becter
D:5:      layout_loops_ring, grunt_temple_overflow_lords_of_destruction,
          grunt_temple_overflow_open, nicolae_ru_the_path_less_chosen,
          minmay_temple_entry_mini_moons, minmay_misc_feat_plants, minmay_holes,
          minmay_crystal_room, dk_rats_in_the_wall
D:6:      layout_loops_ring, minmay_lizard_king, uniq_eustachio, uniq_pikel,
          uniq_maggie, uniq_crazy_yiuf_cottage
D:7:      layout_cave_pools
D:8:      layout_rooms, mainiacjoe_overflow_cross_hatched,
          grunt_lair_entry_orc_guard_hut

Skill      XL: |  1  2  3  4  5  6  7  8  9 |
---------------+----------------------------+-----
Translocations | 1 2 3 |  3.5
Stealth        | 2 |  2.0
Dodging        | 2 3 4 |  4.1
Fighting       | 1 2 3 5 |  5.4
Armour         | 1 2 3 |  3.3
Summonings     | 2 3 4 |  4.0
Short Blades   | 1 |  1.2
Conjurations   | 2 3 4 |  4.0
Spellcasting   | 4 5 6 |  6.0
Polearms       | 1 2 |  2.8

Action                   |  1- 3 |  4- 6 |  7- 9 || total
-------------------------+-------+-------+-------++-------
Melee: Dagger            |   176 |     5 |       ||   181
       Trident           |       |   107 |   218 ||   325
       Punch             |       |       |     4 ||     4
 Cast: Magic Dart        |     8 |    12 |    27 ||    47
       Call Imp          |       |     9 |    33 ||    42
       Blink             |       |     2 |     6 ||     8
  Use: Scroll            |     6 |       |     6 ||    12
       Potion            |       |     6 |     2 ||     8
 Stab: Sleeping          |     1 |     3 |     1 ||     5
Armor: Gold dragon scale |   152 |       |       ||   152
       Robe              |     1 |       |       ||     1
       Troll leather arm |     2 |    36 |    37 ||    75
Dodge: Dodged            |    13 |    51 |   119 ||   183
